Unix NetHack Version 5.0.0-0 post-release - last build May  4 2026 22:22:43 (774f63e81ad911689b3a0859ea89b322d5daca8d,branch:main).

Game began 2026-05-09 12:42:40, ended 2026-05-09 20:12:04.

Japes, lawful female human Valkyrie

                                    ------
                                    |....|                  ----------
                          ---       |.....#                 |........|
                         --.--      |....|#                 |........|
                        --...--     ----.-#               ##.........-#
                      ##-......#       ## ##   -------    # |......{.|#
                      # --...--#      ######   |.....|  ### |........|#
                      #  --.-- #     ###0  #   |.....|#####0.........|#
                      #   ---  #####0##    #   .....>.###   ----------#
   ---------------- ###        % ######    #   ---.-.-                #
   |...............##          #* #        # #      d                 #
   |..............|       ###### #[#    #  ##     ##*-                #
   |......[.......|      ##    #  # #**#   *#     #) u##              #
   |[..[...)......-######0     #  ###*#     # ----.----###            #
   ----------------            # ---------  ##|.......|  ################
                               # |**.)...|   #|..{....|               #-.-----
                               # |*...(`.|   #-.[.....|               #|.....|
                               ##[[......|    ---------               #|.....|
                                 ---|-----                             -------

Japes the Skirmisher        St:17 Dx:13 Co:18 In:9 Wi:7 Ch:11  Lawful
Dlvl:5  $:610 HP:0(61) Pw:7(7) AC:9  Xp:5/202 T:2106 

Latest messages:
 The rothe hits!
 The rothe bites!
 The rothe misses!
 The pony misses the rock mole.
 The pony misses the rock mole.
 The pony misses the rock mole.
 The pony bites the rock mole.
 The rock mole misses the pony.
 You miss the rothe.
 The rothe hits!
 The rothe bites!
 The rothe bites again!
 The pony misses the rock mole.
 The pony misses the rock mole.
 You hit the rothe!
 The rothe hits!
 The rothe bites!
 The rothe bites again!
 The pony misses the rock mole.
 The pony misses the rock mole.
 You miss the rothe.
 The rothe hits!
 The rothe bites!
 The rothe bites again!
 The pony misses the rock mole.
 The pony misses the rock mole.
 It bites the rothe.
 The rothe misses it.
 The rothe misses it.
 The rothe misses it.
 The pony misses the rock mole.
 The pony misses the rock mole.
 You kill the rothe!
 The pony misses the rock mole.
 The pony misses the rock mole.
 Killer eats a rothe corpse.
 You miss the rock mole.
 The pony misses the rock mole.
 The pony misses the rock mole.
 You miss the rock mole.
 The pony misses the rock mole.
 The pony misses the rock mole.
 You miss the rock mole.
 The pony misses the rock mole.
 The pony misses the rock mole.
 You hear a nearby zap.
 The rock mole is killed by the bolt of lightning!
 The bolt of lightning hits you!
 You die...
 Do you want your possessions identified? [ynq] (y)

Inventory:
 Coins    ('$')
  $ - 610 gold pieces
 Weapons  (')')
  K - 6 +0 daggers
  q - a +0 knife
  L - a cursed +0 orcish dagger (at the ready)
  V - a +1 spear
  a - a cursed +1 long sword (weapon in right hand)
 Armor    ('[')
  Q - an uncursed +0 orcish helm (being worn)
  X - an uncursed +0 pair of kicking boots
  c - an uncursed +3 small shield
  Y - a cursed +2 cloak of displacement
  G - a blessed greased +0 gray dragon scale mail
 Comestibles  ('%')
  B - 5 cursed apples
  C - 7 uncursed carrots
  d - 2 uncursed food rations
  Z - a cursed lembas wafer
  i - an uncursed egg
 Scrolls  ('?')
  S - a cursed scroll of amnesia
  x - an uncursed scroll of confuse monster
  b - a cursed scroll of create monster
  j - an uncursed scroll of light
  w - a cursed scroll of light
 Potions  ('!')
  g - a cursed potion of confusion
  l - an uncursed potion of extra healing
  e - 3 uncursed potions of healing
  W - an uncursed potion of object detection
  r - an uncursed potion of speed
  E - 2 potions of unholy water
 Rings    ('=')
  f - an uncursed ring of conflict
  t - a cursed ring of free action
 Wands    ('/')
  y - a cursed wand of teleportation (0:2)
  z - a wand of undead turning (0:6)
  u - a cursed wand of wishing (0:0)
 Tools    ('(')
  T - a cursed lock pick
  o - a +0 pick-axe
  O - a cursed tallow candle
  U - a cursed tin opener
 Gems/Stones  ('*')
  p - an uncursed worthless piece of green glass
  m - an uncursed worthless piece of white glass
  k - an uncursed worthless piece of yellow glass

Japes the Valkyrie's attributes:

Background:
 You were a Skirmisher, a level 5 human Valkyrie.
 You were lawful, on a mission for Tyr
 who was opposed by Odin (neutral) and Loki (chaotic).
 You were right-handed.
 You were in the Dungeons of Doom, on level 5.
 You entered the dungeon 2106 turns ago.
 You had 202 experience points, 118 more were needed to attain level 6.

Basics:
 You had 0 out of 61 hit points.
 You had all 7 energy points (spell power).
 Your armor class was 9.
 Your wallet contained 610 zorkmids.
 Autopickup was on for '$' plus thrown.

Final Characteristics:
 Your strength was 17 (limit:18/100).
 Your dexterity was 13 (limit:18).
 Your constitution was 18 (limit:18).
 Your intelligence was 9 (limit:18).
 Your wisdom was 7 (limit:18).
 Your charisma was 11 (limit:18).

Final Status:
 You weren't hungry.
 You were unencumbered.
 You were wielding a long sword.
 You were unskilled in long sword.

Final Attributes:
 You were piously aligned.
 You were cold resistant.
 You were stealthy.
 You are dead.

Miscellaneous:
 You encountered 1 bones level.
 Total elapsed playing time was 30 minutes and 11 seconds.

Major events:
 Turn
    1: Japes the lawful human Valkyrie entered the dungeon
  807: entered the Gnomish Mines
  846: attained the rank of Skirmisher (level 3)
 1725: made her first wish - "blessed greased +3 gray dragon scale mail", got "a greased gray dragon scale mail"
 2106: killed by a bolt of lightning zapped by a water nymph

You didn't know any spells.

Skills:
 Fighting Skills
   bare handed combat [Unskilled]
   two weapon combat  [Unskilled]
   riding             [Unskilled]
 Weapon Skills
   dagger             [Basic]
   axe                [Unskilled]
   pick-axe           [Unskilled]
   short sword        [Unskilled]
   broadsword         [Unskilled]
   long sword         [Unskilled]
   two-handed sword   [Unskilled]
   saber              [Unskilled]
   hammer             [Unskilled]
   quarterstaff       [Unskilled]
   polearms           [Unskilled]
   spear              [Basic]
   trident            [Unskilled]
   lance              [Unskilled]
   sling              [Unskilled]
 Spellcasting Skills
   attack spells      [Unskilled]
   escape spells      [Unskilled]

Voluntary challenges:
 Character rerolling was not enabled.
 You never genocided any monsters.
 You never polymorphed an object.
 You never changed form.
 You used 1 wish.
 You did not wish for any artifacts.
Achievements:
 You entered the Gnomish Mines.
 You attained the rank of Skirmisher.

 The Dungeons of Doom: levels 1 to 6
    Level 1:
       Many fountains.
    Level 2:
       A fountain.
    Level 3:
    Level 4:
       A fountain.
       Stairs down to The Gnomish Mines.
    Level 5: <- You were here.
       Some fountains.
       Final resting place for
          you, killed by a bolt of lightning zapped by a water nymph,
          Sapphirejax-Ran-Hum-Mal-Cha, killed by a werejackal,
          2459832143-Kni-Hum-Mal-Law, killed by a rabid rat.
    Level 6:
 The Gnomish Mines:
    Level 5:


Vanquished creatures:
  a bugbear
  a water nymph
  4 Mordor orcs
  2 rock moles
  a gnome leader
  a giant ant
  a dwarf
  4 hill orcs
  2 rothes
  a werejackal
 an iguana
 an acid blob
  2 coyotes
  a cave spider
  a green mold
  3 gnomes
  a gecko
  5 jackals
  a fox
  a sewer rat
  4 grid bugs
  4 lichens
  6 newts
49 creatures vanquished.

No species were genocided or became extinct.

Game over:
                       ----------
                      /          \
                     /    REST    \
                    /      IN      \
                   /     PEACE      \
                  /                  \
                  |      Japes       |
                  |      610 Au      |
                  | killed by a bolt |
                  |   of lightning   |
                  |   zapped by a    |
                  |   water nymph    |
                  |       2026       |
                 *|     *  *  *      | *
        _________)/\\_//(\/(/\)/\//\/|_)_______

Farvel Japes the Valkyrie...

You died in The Dungeons of Doom on dungeon level 5 with 1637 points,
and 610 pieces of gold, after 2106 moves.
You were level 5 with a maximum of 61 hit points when you died.

